 Dungeon Sprint DCSS version 0.25-a0-731-g0472a16d6a (webtiles) character file.

Game seed: 18267847920148749585, levelgen mode: deterministic

6594 BillyBuyo the Devastator (level 10, -5/58 HPs)
             Began as a Deep Elf Conjurer on Apr 9, 2020.
             Was a High Priest of Sif Muna.
             Slain by a death yak (20 damage)
             ... in the Dungeon (Sprint IX: "|||||||||||||||||||||||||||||").
             The game lasted 00:21:48 (2221 turns).

BillyBuyo the Devastator (Deep Elf Conjurer)        Turns: 2221, Time: 00:21:49

Health: -5/58      AC:  2    Str:  8    XL:     10   Next: 71%
Magic:  20/33      EV: 19    Int: 24    God:    Sif Muna [*****.]
Gold:   0          SH:  0    Dex: 18    Spells: 22/44 levels left

rFire    . . .     SeeInvis .   m - staff of energy
rCold    . . .     Gourm    .   (no shield)
rNeg     . . .     Faith    .   a - +0 robe
rPois    .         Spirit   .   (no helmet)
rElec    .         Reflect  .   (no cloak)
rCorr    .         Harm     .   (no gloves)
MR       +....     NoTele   +   (no boots)
Stlth    ++........             (no amulet)
HPRegen  0.19/turn              p - +3 ring of strength
MPRegen  0.23/turn              q - +3 ring of dexterity

@: no status effects
A: no striking features
a: Channel Magic, Forget Spell, Divine Exegesis, Renounce Religion


You were in the Dungeon.
You worshipped Sif Muna.
Sif Muna was extremely pleased with you.
You were not hungry.

You visited 1 branch

Inventory:

Armour
 a - a +0 robe (worn)
 n - a +0 cloak
 o - a +0 helmet
Magical Staves
 m - an uncursed staff of energy (weapon)
Jewellery
 p - a +3 ring of strength (left hand)
 q - a +3 ring of dexterity (right hand)
Wands
 l - a wand of acid (10)
Scrolls
 i - 7 scrolls of remove curse
 j - 2 scrolls of amnesia
 k - a scroll of enchant armour
 r - a scroll of fog
 t - a scroll of identify
Potions
 c - a potion of stabbing
 d - 3 potions of curing
 e - a potion of haste
 f - a potion of brilliance
 g - 2 potions of magic
 h - a potion of berserk rage


   Skills:
 + Level 4.7 Fighting
 + Level 9.5 Dodging
 - Level 2.4 Stealth
 + Level 0.2 Unarmed Combat
 * Level 17.8 Spellcasting
 * Level 19.0 Conjurations
 + Level 4.4 Hexes
 + Level 3.2 Air Magic
 + Level 2.3 Earth Magic


You had 22 spell levels left.
You knew the following spells:

 Your Spells              Type           Power        Failure   Level  Hunger
a - Magic Dart            Conj           ####         0%          1    None
b - Searing Ray           Conj           ######       0%          2    None
c - Dazzling Flash        Conj/Hex       ######       1%          3    None
d - Irradiate             Conj/Tmut      ######....   1%          5    None
e - Lightning Bolt        Conj/Air       ######....   1%          5    None
f - Iron Shot             Conj/Erth      ######....   4%          6    None

Your spell library contained the following spells:

 Spells                   Type           Power        Failure   Level  Hunger
 Static Discharge         Conj/Air       ######..     1%          3    None
 Stone Arrow              Conj/Erth      ######       1%          3    None
 Fulminant Prism          Conj/Hex       ######....   1%          4    None
 Iskenderun's Mystic Bla  Conj/Tloc      ######..     1%          4    None
 Spellforged Servitor     Conj/Summ      ######....   38%         7    None
 Death Channel            Necr           ###.......   98%         6    None
 Death's Door             Chrm/Necr      ###.......   100%        8    None


Dungeon Overview and Level Annotations

Branches:
Dungeon (1/1)

Altars:
Cheibriados
Dithmenos
Elyvilon
Fedhas
Gozag
Hepliaklqana
Kikubaaqudgha
Makhleb
Nemelex Xobeh
Okawaru
Qazlal
Ru
Sif Muna
Trog
Uskayaw
Vehumet
Wu Jian
Xom
Yredelemnul
Zin
The Shining One
Beogh
Jiyva
Lugonu


Message History

Press: ? - help, Shift-Dir - straight line, f/p - death yak
Aim: a death yak (heavily wounded, blind)
You hear a mighty clap of thunder!
The bolt of lightning hits the death yak!!!
The death yak is almost dead.
The bolt of lightning hits the death yak!!!
You kill the death yak!
Sif Muna accepts your kill.
You see here Sif Muna's Almanac of Dusty Battle Magic.
Sif Muna grants you a gift!
Your Air Magic skill increases to level 3!
The bolt of lightning hits the yak!!
You kill the yak!
Sif Muna accepts your kill.
Your Conjurations skill increases to level 19!
The bolt of lightning hits the yak!!!
You kill the yak!
Sif Muna accepts your kill. The death yak gores you!!
You die...

▓[▓.▓
▓.▓.▓.▓
▓.▓.▓†▓
▓)▓.▓†▓
▓.▓.▓.▓
▓.▓.▓.▓
▓.▓.▓.▓
▓'▓.▓Y▓
▓_▓.▓@▓
▓_▓.▓.▓
▓_▓.▓.▓
▓_▓.▓.▓
▓_▓.▓.▓
▓_▓.▓÷▓
▓_▓.▓.▓
▓_▓.▓†▓
▓_▓.▓.▓


You could see a death yak (blind).

Vanquished Creatures
  4 death yaks (D)
  An ugly thing (D)
  2 spiny frogs (D)
  A rime drake (D)
  4 hippogriffs (D)
  4 yaks (D)
  3 water moccasins (D)
  4 porcupines (D)
  An orc warrior (D)
  An ogre (D)
  5 crocodiles (D)
  2 bullfrogs (D)
  A killer bee (D)
  A wight (D)
  A howler monkey (D)
  2 hounds (D)
  An adder (D)
  A worm (D)
  2 leopard geckos (D)
  2 orcs (D)
  A giant cockroach (D)
  2 hobgoblins (D)
  A frilled lizard (D)
47 creatures vanquished.

Notes
Turn   | Place    | Note
-------+----------+-------------------------------------------
     0 | D        | BillyBuyo the Deep Elf Conjurer began the quest for the
                  | Orb.
     0 | D        | Reached XP level 1. HP: 10/10 MP: 6/6
     4 | D        | Reached skill level 5 in Conjurations
    25 | D        | Reached skill level 6 in Conjurations
    25 | D        | Reached XP level 2. HP: 7/15 MP: 0/8
   418 | D        | Reached skill level 8 in Conjurations
   418 | D        | Reached XP level 3. HP: 11/19 MP: 3/11
   426 | D        | Reached skill level 5 in Spellcasting
   426 | D        | Reached skill level 9 in Conjurations
   426 | D        | Reached XP level 4. HP: 15/24 MP: 9/13
   612 | D        | Found a roughly hewn altar of Beogh.
   612 | D        | Found a snail-covered altar of Cheibriados.
   612 | D        | Found a shadowy altar of Dithmenos.
   612 | D        | Found a white marble altar of Elyvilon.
   612 | D        | Found a blossoming altar of Fedhas.
   612 | D        | Found an opulent altar of Gozag.
   613 | D        | Found a hazy altar of Hepliaklqana.
   614 | D        | Found a viscous altar of Jiyva.
   615 | D        | Found an ancient bone altar of Kikubaaqudgha.
   616 | D        | Found a corrupted altar of Lugonu.
   617 | D        | Found a burning altar of Makhleb.
   618 | D        | Found a sparkling altar of Nemelex Xobeh.
   619 | D        | Found an iron altar of Okawaru.
   620 | D        | Found a stormy altar of Qazlal.
   621 | D        | Found a sacrificial altar of Ru.
   622 | D        | Found a shimmering blue altar of Sif Muna.
   623 | D        | Found a bloodstained altar of Trog.
   624 | D        | Found a hide-covered altar of Uskayaw.
   625 | D        | Found a radiant altar of Vehumet.
   626 | D        | Found an ornate altar of the Wu Jian Council.
   627 | D        | Found a shimmering altar of Xom.
   628 | D        | Found a basalt altar of Yredelemnul.
   629 | D        | Found a glowing silver altar of Zin.
   630 | D        | Became a worshipper of Sif Muna the Loreminder
   631 | D        | Found a glowing golden altar of the Shining One.
   664 | D        | Learned a level 2 spell: Searing Ray
   664 | D        | Noticed an ogre
   664 | D        | Noticed an orc warrior
   664 | D        | Noticed a bullfrog
   664 | D        | Noticed a water moccasin
   668 | D        | Killed a bullfrog
   668 | D        | Reached skill level 10 in Conjurations
   668 | D        | Reached XP level 5. HP: 16/28 MP: 10/16
   669 | D        | Killed an orc warrior
   669 | D        | Reached skill level 1 in Fighting
   669 | D        | Reached skill level 11 in Conjurations
   670 | D        | Killed a water moccasin
   670 | D        | Reached * piety under Sif Muna
   670 | D        | Reached skill level 5 in Dodging
   670 | D        | Reached skill level 12 in Conjurations
   670 | D        | Reached XP level 6. HP: 17/34 MP: 7/19
   672 | D        | Reached skill level 13 in Conjurations
   675 | D        | Reached ** piety under Sif Muna
   782 | D        | Learned a level 3 spell: Dazzling Flash
   787 | D        | Noticed a hippogriff
   787 | D        | Noticed a cyan ugly thing
   791 | D        | Reached XP level 7. HP: 23/39 MP: 15/22
  1107 | D        | Reached *** piety under Sif Muna
  1107 | D        | Reached skill level 14 in Conjurations
  1112 | D        | Killed a green ugly thing
  1112 | D        | Reached skill level 15 in Conjurations
  1112 | D        | Reached skill level 1 in Hexes
  1112 | D        | Reached XP level 8. HP: 30/45 MP: 7/25
  1140 | D        | Killed a hippogriff
  1400 | D        | Noticed a hippogriff
  1405 | D        | Reached **** piety under Sif Muna
  1405 | D        | Reached skill level 16 in Conjurations
  1406 | D        | Noticed a spiny frog
  1409 | D        | Noticed a hippogriff
  1413 | D        | Killed a hippogriff
  1413 | D        | Noticed a hippogriff
  1678 | D        | Killed a spiny frog
  1678 | D        | Reached ***** piety under Sif Muna
  1678 | D        | Identified Sif Muna's Papyrus of Unholy Magic and Battle
                  | Magic (Sif Muna gifted it to you in the Dungeon)
  1678 | D        | Received a gift from Sif Muna
  1678 | D        | Reached XP level 9. HP: 35/51 MP: 10/28
  1686 | D        | Learned a level 5 spell: Irradiate
  1692 | D        | Learned a level 5 spell: Lightning Bolt
  1773 | D        | Reached skill level 17 in Conjurations
  1924 | D        | Noticed a spiny frog
  1924 | D        | Noticed a rime drake
  1928 | D        | Killed a rime drake
  1929 | D        | Killed a spiny frog
  1929 | D        | Reached skill level 15 in Spellcasting
  1933 | D        | Identified Sif Muna's Catalogue of Attacks and Enhancements
                  | (Sif Muna gifted it to you in the Dungeon)
  1933 | D        | Received a gift from Sif Muna
  2009 | D        | Learned a level 6 spell: Iron Shot
  2068 | D        | Reached skill level 1 in Air Magic
  2209 | D        | Noticed a death yak
  2209 | D        | Noticed a death yak
  2209 | D        | Noticed a death yak
  2209 | D        | Noticed a death yak
  2210 | D        | Noticed a death yak
  2213 | D        | Killed a death yak
  2213 | D        | Reached skill level 18 in Conjurations
  2213 | D        | Reached skill level 1 in Earth Magic
  2213 | D        | Reached XP level 10. HP: 58/58 MP: 14/32
  2219 | D        | Killed a death yak
  2219 | D        | Killed a death yak
  2221 | D        | Killed a death yak
  2221 | D        | Identified Sif Muna's Almanac of Dusty Battle Magic (Sif
                  | Muna gifted it to you in the Dungeon)
  2221 | D        | Received a gift from Sif Muna
  2221 | D        | Reached skill level 19 in Conjurations
  2221 | D        | Slain by a death yak

Levels and vault maps discovered:
D:        linesprint [early_d, line_temple, items_1, d_10, items_2, lair_1,
          lair_end, items_3, orc_1, orc_end, items_4, d_15, swamp_1, shoals_1,
          snake_1, spider_1, d_20, vaults_1, items_5, swamp_end, shoals_end,
          snake_end, spider_end, vaults_end, d_27, items_6, zot_1, zot_end,
          crypt_end, forest_end, elf_end, slime_end, tomb_end, abyss_end,
          pan_hell_end]

Skill      XL: |  1  2  3  4  5  6  7  8  9 10 |
---------------+-------------------------------+-----
Conjurations   | 6 8 9 10 12 13 15 16 18 19 | 19.0
Dodging        | 3 5 6 7 9 |  9.5
Spellcasting   | 4 5 6 8 9 11 13 16 17 | 17.8
Fighting       | 1 2 3 4 |  4.7
Hexes          | 1 2 3 4 |  4.4
Air Magic      | 1 3 |  3.2
Earth Magic    | 1 2 |  2.3
Stealth        | |  2.4
Unarmed Combat | |  0.2

Action                   |  1- 3 |  4- 6 |  7- 9 | 10-12 || total
-------------------------+-------+-------+-------+-------++-------
Melee: Unarmed           |    14 |       |       |       ||    14
 Cast: Magic Dart        |    22 |     8 |    14 |       ||    44
       Searing Ray       |       |     4 |    13 |       ||    17
       Dazzling Flash    |       |     1 |    14 |     2 ||    17
       Lightning Bolt    |       |       |     6 |     5 ||    11
       Iron Shot         |       |       |     4 |       ||     4
  Use: Scroll            |     1 |       |     2 |       ||     3
       Potion            |     2 |     1 |     8 |     2 ||    13
  Eat: Ration            |       |       |     1 |       ||     1
Armor: Robe              |     5 |       |     4 |       ||     9
Dodge: Dodged            |    23 |     8 |    47 |     4 ||    82

Table legend:
 A = Non-vault XP
 B = Vault XP
 C = Vault XP percentage of total XP
 D = Non-vault monster count
 E = Vault monster count
 F = Vault count percentage of total count
                 A         B        C        D         E       F
            +---------+---------+-------+---------+---------+-------
      Total |       0 |    9420 | 100.0 |       0 |      47 | 100.0
            +---------+---------+-------+---------+---------+-------
          D |       0 |    9420 | 100.0 |       0 |      47 | 100.0
            +---------+---------+-------+---------+---------+-------
